 Dungeon Crawl Stone Soup version 0.19.0-20-gbc5f0c6 (webtiles) character file.

2592 Jerry the Grappler (level 9, -1/89 HPs)
             Began as a Troll Monk on Nov 17, 2016.
             Succumbed to a killer bee's poison
             ... while paralysed
             ... on level 8 of the Dungeon.
             The game lasted 00:17:23 (5227 turns).

Jerry the Grappler (Troll Monk)                     Turns: 5227, Time: 00:17:24

Health: -1/89      AC:  8    Str: 21    XL:     9   Next: 33%
Magic:  7/7        EV:  1    Int:  6    God:
Gold:   407        SH:  0    Dex: 15    Spells: 0 memorised, 8 levels left

rFire  . . .     SeeInvis +       - Unarmed
rCold  + . .     Gourm    +     a - +0 robe
rNeg   . . .     Faith    .     (no shield)
rPois  .         Spirit   .     (helmet restricted)
rElec  .         Reflect  .     c - +2 cloak
rCorr  .         Harm     .     (gloves unavailable)
MR     +....     Clarity  +     (boots unavailable)
Stlth  ++........               m - amulet of regeneration
                                G - ring of see invisible
                                g - ring of protection from cold

@: paralysed, lethally poisoned (-1 -> -11), exhausted, slowed
A: unfitting armour, claws 3, fangs 1, large bone plates 1, clarity, fast
metabolism 3, gourmand, low mp 1, magic resistance 1, regeneration 1, shaggy fur
1, tough skin 2
a: no special abilities


You were on level 8 of the Dungeon.
You were completely stuffed.

You visited 1 branch of the dungeon, and saw 8 of its levels.

You collected 407 gold pieces.

Inventory:

Armour
 a - a +0 robe (worn)
 c - a +2 cloak (worn)
Jewellery
 g - a ring of protection from cold (left claw)
 m - an amulet of regeneration (around neck)
 G - a ring of see invisible (right claw)
Wands
 q - a wand of digging (6/24)
 D - a wand of flame (41/48)
 E - a wand of slowing (9/48)
Scrolls
 d - 4 scrolls of teleportation {unknown}
 e - 3 scrolls of random uselessness {unknown}
 f - 4 scrolls of enchant weapon {unknown}
 i - 2 scrolls of fog {unknown}
 o - 3 scrolls of enchant armour {unknown}
 u - 3 scrolls of noise {unknown}
 v - a scroll of amnesia {unknown}
 x - a scroll of identify
 y - 3 scrolls of fear {unknown}
 B - a scroll of magic mapping {unknown}
 H - a scroll of remove curse {unknown}
Potions
 h - 7 potions of curing
 j - 2 potions of heal wounds
 l - 2 potions of invisibility
 n - a potion of degeneration {unknown}
 r - 2 potions of magic
 t - 2 potions of might {unknown}
 z - a potion of cancellation {unknown}
 A - a potion of flight {unknown}
 C - 2 potions of brilliance {unknown}
Comestibles
 b - 8 bread rations
 k - a beef jerky
 s - 2 slices of pizza
 w - 3 meat rations
 F - a chunk of flesh


   Skills:
 + Level 5.9 Fighting
 + Level 5.7 Dodging
 - Level 1.0 Stealth
 * Level 9.6 Unarmed Combat


You had 8 spell levels left.
You didn't know any spells.

Dungeon Overview and Level Annotations

Branches:
Dungeon (8/15)             Temple (0/1) D:6
   Lair: D:8-11

Altars:
Dithmenos
Qazlal
Sif Muna


Innate Abilities, Weirdness & Mutations

You are too large for most types of armour.
You have claws for hands.
Your metabolism is lightning-fast.
You like to eat raw meat.
Your natural rate of healing is unusually fast.
You are covered in fur. (AC +1)
You have very tough skin. (AC +2)
You have very sharp teeth.
You are partially covered in large bone plates. (SH +4)
You possess an exceptional clarity of mind.
Your magical capacity is low. (-10% MP)
You are resistant to hostile enchantments. (MR+)


Message History

You hear an angry buzzing noise. x3
You claw the killer bee!
The killer bee is almost dead.
* * * LOW HITPOINT WARNING * * *
You feel sick. The killer bee stings you.
* * * LOW HITPOINT WARNING * * *
The killer bee misses you.
The killer bee rages.
You hear an angry buzzing noise.
You claw the killer bee!
You kill the killer bee!
* * * LOW HITPOINT WARNING * * *
You feel sick.
The killer bee rages.
You hear an angry buzzing noise.
You miss the killer bee.
You are no longer berserk.
You pass out from exhaustion.
You feel yourself slow down.
You die...

#.#..≈#.#
#.....#†#
#.....)†#####
#......(....#
#.....#####.#
##....# ##...#
##
###...######..#
#.....†@yyy...#
#....####y....#
#..### #.#..##
#..# $## .#
#.## y# # [. y#
#.. y# #.. .#
#.. ##


You could see 4 killer bees.

Vanquished Creatures
  A queen bee (D:8)
  A hippogriff (D:7)
  Menkaure (D:6)
  An orc warrior (D:7)
  A sky beast (D:5)
  3 phantoms
  2 centaurs
  2 ogres
  The ghost of HamboneDK the Bolt Thrower, an amateur KoAM (D:3)
  A bullfrog (D:8)
  A scorpion (D:5)
  7 killer bees (D:8)
  5 crimson imps
  3 jellies
  5 orc wizards
  A gnoll shaman (D:5)
  An orc priest (D:7)
  Crazy Yiuf (D:5)
  Natasha (twice) (D:3)
  An iguana (D:6)
  A worker ant (D:4)
  A hound zombie (D:7)
  A worker ant zombie (D:7)
  Robin (D:3)
  3 gnolls (D:5)
  8 adders
  An ooze (D:6)
  An adder skeleton (D:5)
  5 worms
  2 dart slugs (D:1)
  2 leopard geckos
  16 orcs
  2 ball pythons
  7 giant cockroaches
  14 goblins
  6 hobgoblins
  4 jackals
  10 kobolds
  2 quokkas
  10 bats
  8 frilled lizards
  2 rats
148 creatures vanquished.

Notes
Turn   | Place    | Note
-------+----------+-------------------------------------------
     0 | D:1      | Jerry the Troll Monk began the quest for the Orb.
     0 | D:1      | Reached XP level 1. HP: 22/22 MP: 0/0
   126 | D:1      | Reached XP level 2. HP: 29/29 MP: 1/1
   545 | D:1      | Reached XP level 3. HP: 36/36 MP: 2/2
   874 | D:1      | Reached skill level 4 in Unarmed Combat
  1028 | D:2      | Found a shadowy altar of Dithmenos.
  1164 | D:2      | Reached XP level 4. HP: 44/44 MP: 3/3
  1638 | D:3      | Found a stormy altar of Qazlal.
  1638 | D:3      | Noticed a water elemental
  1641 | D:3      | Noticed an air elemental
  1708 | D:3      | Noticed HamboneDK's ghost (amateur KoAM)
  1712 | D:3      | Noticed Robin
  1734 | D:3      | Killed HamboneDK's ghost
  1734 | D:3      | Reached XP level 5. HP: 34/53 MP: 4/4
  1749 | D:3      | Killed Robin
  1768 | D:3      | Reached skill level 5 in Unarmed Combat
  2007 | D:3      | Noticed a fire elemental
  2250 | D:3      | Noticed Natasha
  2255 | D:3      | Killed Natasha
  2526 | D:3      | Noticed Natasha
  2528 | D:3      | Killed Natasha
  2528 | D:3      | Reached XP level 6. HP: 61/61 MP: 5/5
  2898 | D:4      | Found a deep blue altar of Sif Muna.
  2994 | D:4      | You fall through a shaft for 2 floors!
  3018 | D:6      | Noticed Menkaure
  3026 | D:6      | Killed Menkaure
  3026 | D:6      | Reached skill level 6 in Unarmed Combat
  3034 | D:6      | Reached XP level 7. HP: 54/68 MP: 6/6
  3195 | D:6      | Found a staircase to the Ecumenical Temple.
  3454 | D:6      | Reached skill level 7 in Unarmed Combat
  3566 | D:5      | Entered Level 5 of the Dungeon
  3628 | D:5      | Reached XP level 8. HP: 18/79 MP: 7/7
  3640 | D:5      | Gained mutation: Your magical capacity is low. (-10% MP) [mutagenic meat]
  3641 | D:5      | Gained mutation: You have very sharp teeth. [mutagenic meat]
  3642 | D:5      | Gained mutation: You possess an exceptional clarity of mind. [mutagenic meat]
  3643 | D:5      | Gained mutation: You are resistant to hostile enchantments. (MR+) [mutagenic meat]
  3644 | D:5      | Gained mutation: You are partially covered in large bone plates. (SH +4) [mutagenic meat]
  3790 | D:5      | Found a runed door.
  4057 | D:5      | Noticed Crazy Yiuf
  4061 | D:5      | Killed Crazy Yiuf
  4569 | D:7      | Reached skill level 8 in Unarmed Combat
  4589 | D:7      | Reached skill level 5 in Fighting
  4807 | D:7      | Reached skill level 5 in Dodging
  4879 | D:7      | Noticed a hippogriff
  4889 | D:7      | Killed a hippogriff
  5058 | D:8      | Reached skill level 9 in Unarmed Combat
  5058 | D:8      | Reached XP level 9. HP: 88/88 MP: 7/7
  5196 | D:8      | Noticed a queen bee
  5220 | D:8      | Killed a queen bee
  5223 | D:8      | HP: 6/133 [killer bee (5)]
  5225 | D:8      | HP: 1/133 [killer bee (3)]
  5227 | D:8      | Succumbed to a killer bee's poison

Skill      XL: |  1  2  3  4  5  6  7  8 |
---------------+-------------------------+-----
Unarmed Combat | 4 5 6 7 9 |  9.6
Fighting       | 3 4 5 |  5.9
Dodging        | 3 4 5 |  5.7
Stealth        | |  1.0

Action                   |  1- 3 |  4- 6 |  7- 9 || total
-------------------------+-------+-------+-------++-------
Melee: Unarmed           |   105 |   113 |   253 ||   471
       Punch             |     2 |     1 |     7 ||    10
       Bite              |       |       |    18 ||    18
  Use: Scroll            |       |     3 |     3 ||     6
       Potion            |       |     2 |     2 ||     4
 Stab: Sleeping          |     3 |     5 |     3 ||    11
  Eat: Chunk             |    16 |    14 |    28 ||    58
Armor: Robe              |    30 |    35 |    65 ||   130
Dodge: Dodged            |    46 |    73 |   152 ||   271
Block: Other             |       |       |    38 ||    38
